 Dungeon Crawl Stone Soup version 0.26-a0-958-gf3041fb45f (webtiles) character file.

Game seed: 6361862056088364073

361 PentaManta the Slinger (level 6, -2/39 HPs)
             Began as a Halfling Hunter on Nov 30, 2020.
             Shot with an arrow by a centaur (9 damage)
             ... on level 5 of the Dungeon.
             The game lasted 00:08:17 (4227 turns).

PentaManta the Slinger (Halfling Hunter)            Turns: 4227, Time: 00:08:17

Health: -2/39      AC:  7    Str: 15    XL:     6   Next: 98%
Magic:  6/6        EV: 14    Int:  9    God:
Gold:   233        SH:  0    Dex: 21    Spells: 5/5 levels left

rFire    . . .     SeeInvis .   s - +5 spear
rCold    . . .     Faith    .   (shield restricted)
rNeg     . . .     Spirit   .   r - +0 ring mail
rPois    .         Reflect  .   j - +0 helmet
rElec    .         Harm     .   (no cloak)
rCorr    .         Rampage  .   x - +0 pair of gloves
MR       .....                  (no boots)
Stlth    +.........             (no amulet)
HPRegen  0.13/turn              y - +6 ring of dexterity
MPRegen  0.10/turn              (no ring)

@: no status effects
A: small, mutation resistance 1
a: no special abilities


You were on level 5 of the Dungeon.
You visited 1 branch of the dungeon, and saw 6 of its levels.

You collected 233 gold pieces.

Inventory:

Hand Weapons
 a - a +2 hunting sling
 b - a +0 short sword
 n - a +0 dagger
 s - a +5 spear (weapon)
Missiles
 d - 95 sling bullets
 i - 143 stones (quivered)
 m - 27 poisoned darts
Armour
 j - a +0 helmet (worn)
 r - a +0 ring mail (worn)
 u - a +0 scale mail
 x - a +0 pair of gloves (worn)
Jewellery
 y - a +6 ring of dexterity (left hand)
Scrolls
 f - 4 scrolls of identify
 g - 3 scrolls of magic mapping
 o - 2 scrolls of remove curse
Potions
 c - a potion of curing
 e - a potion of might {unknown}
 l - 2 potions of degeneration {unknown}
 p - a potion of flight {unknown}
 q - a potion of haste {unknown}
 t - a potion of lignification {unknown}
 w - a potion of heal wounds {unknown}
 A - a potion of magic {unknown}


   Skills:
 - Level 1.7 Fighting
 + Level 10.9 Slings
 - Level 2.1 Dodging
 - Level 1.1 Stealth


You had 5 spell levels left.
You didn't know any spells.
Your spell library was empty.

Dungeon Overview and Level Annotations

Branches:
Dungeon (6/15)
 Temple: D:4-7

Altars:
Gozag
Yredelemnul


Innate Abilities, Weirdness & Mutations

You are small and have problems with some larger weapons.
You are somewhat resistant to further mutation.


Message History

You climb downwards.
An ogre comes into view. It is wielding a +0 giant club.
Found 18 stones.
There is a stone staircase leading up here.
As you read the scroll labelled MYGHIT ZEZAA, it crumbles to dust.
The creatures around you are filled with an inner flame!
It was a scroll of immolation.
The ogre shouts!
You climb upwards.
There is a stone staircase leading down here.
s - a +5 spear (weapon)
The centaur shoots an arrow.
The arrow hits you!
* * * LOW HITPOINT WARNING * * *
You see here an arrow.
The centaur shoots an arrow.
The arrow hits you!
* * * LOW HITPOINT WARNING * * *
The centaur shoots an arrow.
The arrow hits you but does no damage.
You see here 2 arrows.
You feel better.
The centaur shoots an arrow.
The arrow hits you!
You die...

#.....#######
######......#
.#,,,+......#
.#,,,#......#
##,,,#......########
*,,,#.............#
****#..........>..#
*,,,#.............#
*,,,#..........@(.#
*,,,#.....c########
**,,,#......#
,*,,,#......#
,+,,,#..(...#
######.(....#
......#######
.....(# ......#


You could see a centaur.

Vanquished Creatures
  A big kobold (D:2)
  A scorpion (D:4)
  A jelly (D:5)
  2 worker ants
  3 gnolls (D:2)
  4 adders
  A shadow imp (D:5)
  2 worms
  A dart slug (D:1)
  3 leopard geckos
  2 orcs
  5 giant cockroaches
  4 goblins
  11 hobgoblins
  5 jackals
  2 quokkas
  2 ball pythons
  6 bats
  4 frilled lizards
  A jackal zombie (D:5)
  11 kobolds
  9 rats
81 creatures vanquished.

Vanquished Creatures (others)
  3 plants (D:2)
3 creatures vanquished.

Grand Total: 84 creatures vanquished

Notes
Turn   | Place    | Note
-------+----------+-------------------------------------------
     0 | D:1      | PentaManta the Halfling Hunter began the quest for the Orb.
     0 | D:1      | Reached XP level 1. HP: 14/14 MP: 1/1
    10 | D:1      | Reached skill level 6 in Slings
   102 | D:1      | Reached XP level 2. HP: 19/19 MP: 2/2
   373 | D:1      | Reached skill level 7 in Slings
   373 | D:1      | Reached XP level 3. HP: 23/24 MP: 3/3
   801 | D:2      | You fall into a shaft and drop 1 floor!
   855 | D:3      | Found an opulent altar of Gozag.
  1188 | D:3      | Reached XP level 4. HP: 29/29 MP: 4/4
  1291 | D:3      | Reached skill level 8 in Slings
  1656 | D:3      | Noticed a big kobold
  1656 | D:3      | Noticed a big kobold
  1742 | D:2      | Killed a big kobold
  1743 | D:2      | Reached skill level 9 in Slings
  1743 | D:2      | Reached XP level 5. HP: 17/34 MP: 5/5
  2217 | D:2      | Reached XP level 6. HP: 20/39 MP: 6/6
  3205 | D:4      | Reached skill level 10 in Slings
  3628 | D:5      | Entered Level 5 of the Dungeon
  3752 | D:5      | Found a basalt altar of Yredelemnul.
  4217 | D:6      | Noticed an ogre
  4227 | D:5      | Shot with an arrow by a centaur

Illustrated notes

Levels and vault maps discovered:
D:1:      saegor_arrival_miasma, layout_rooms, minivault_4
D:2:      layout_basic, serial_forest, infiniplex_forest_lined_1,
          infiniplex_forest_straight_2, infiniplex_forest_lined_2,
          infiniplex_forest_lined_3, infiniplex_forest_clump_small,
          infiniplex_forest_lined_room_
D:3:      cheibrodos_thug_alley, layout_basic, general_overflow_altar
D:4:      kennysheep_big_flooded_room, layout_layer_cave,
          gammafunk_temple_overflow_arena
D:5:      layout_gridville, nicolae_overflow_hidden_temple, doesnt_xom_only_xom
D:6:      wad_pebble_path, layout_gridville,
          minmay_temple_entry_statues_pillars, serial_shops,
          nicolae_shop_behind_doors

Skill      XL: |  1  2  3  4  5  6 |
---------------+-------------------+-----
Slings         | 6 7 9 10 | 10.9
Fighting       | |  1.7
Dodging        | |  2.1
Stealth        | |  1.1

Action                   |  1- 3 |  4- 6 || total
-------------------------+-------+-------++-------
Melee: Spear             |       |    37 ||    37
 Fire: Hunting sling     |   139 |   127 ||   266
  Use: Scroll            |       |     8 ||     8
       Potion            |       |     2 ||     2
Armor: Leather armour    |    12 |     3 ||    15
       Ring mail         |       |     9 ||     9
Dodge: Dodged            |    32 |    59 ||    91

Table legend: (Time is in decaauts)
 A = Elapsed time spent in this place.
 B = Non-inter-level travel time spent in this place.
 C = Inter-level travel time spent in this place.
 D = Time resting spent in this place.
 E = Time spent auto-exploring this place.
 F = Levels seen in this place.
 G = Mean time per level.
                   A        B        C        D        E       F      G
               +--------+--------+--------+--------+--------+-----+--------+
         Total |   4176 |   3963 |    213 |    283 |   2985 |   6 |  696.0 |
       Dungeon |   4176 |   3963 |    213 |    283 |   2985 |   6 |  696.0 |
               +--------+--------+--------+--------+--------+-----+--------+

Top non-repeatable levels by time:
     D:3: 1116 daAuts
     D:2: 1011 daAuts
     D:1: 785 daAuts
     D:4: 673 daAuts
     D:5: 587 daAuts
     D:6: 2 daAuts
